 Dungeon Crawl Stone Soup version 0.22-b1-21-g5cfc168 (webtiles) character file.

297 tyranidshit the Skirmisher (level 6, -6/52 HPs)
             Began as a Demonspawn Abyssal Knight on Aug 3, 2018.
             Was a Believer of Lugonu.
             Mangled by an ogre
             ... wielding a +0 giant club
              (24 damage)
             ... on level 4 of the Dungeon.
             The game lasted 00:04:31 (2044 turns).

tyranidshit the Skirmisher (DsAK)                   Turns: 2044, Time: 00:04:32

Health: -6/52      AC: 11    Str: 15    XL:     6   Next: 12%
Magic:  16/16      EV: 10    Int: 13    God:    Lugonu [**....]
Gold:   82         SH:  0    Dex: 12    Spells: 5/5 levels left

rFire    . . .     SeeInvis .   d - +1 hand axe (elec)
rCold    . . .     Gourm    .   (no shield)
rNeg     . . .     Faith    .   f - +0 ring mail
rPois    .         Spirit   .   (no helmet)
rElec    .         Reflect  .   (no cloak)
rCorr    .         Harm     .   (no gloves)
MR       .....                  (no boots)
Stlth    +.........             (no amulet)
HPRegen  0.17/turn              k - ring of magical power
MPRegen  0.15/turn              (no ring)

@: sanguine armour
A: sanguine armour 1
a: Depart the Abyss, Bend Space, Renounce Religion


You were on level 4 of the Dungeon.
You worshipped Lugonu.
Lugonu was pleased with you.
You were not hungry.

You visited 1 branch of the dungeon, and saw 4 of its levels.
You visited the Abyss 1 time.

You collected 82 gold pieces.

Inventory:

Hand Weapons
 a - a +1 hand axe
 d - a +1 hand axe of electrocution (weapon)
Armour
 b - a +0 leather armour
 f - a +0 ring mail (worn)
Jewellery
 k - a ring of magical power (left hand)
Scrolls
 e - 3 scrolls of remove curse
 g - 3 scrolls of identify {unknown}
 h - 3 scrolls of teleportation
 i - a scroll of amnesia {unknown}
 j - 4 scrolls of fog {unknown}
 n - a scroll of magic mapping {unknown}
 p - a scroll of immolation {unknown}
 q - 2 scrolls of fear
 r - a scroll of random uselessness {unknown}
Potions
 l - a potion of curing
 m - a potion of heal wounds
 o - a potion of degeneration {unknown}
Comestibles
 c - 5 rations


   Skills:
 - Level 6.0 Fighting
 - Level 1.7 Axes
 + Level 3.5 Armour
 - Level 0.8 Dodging
 - Level 2.4 Invocations


You had 5 spell levels left.
You didn't know any spells.
Your spell library was empty.

Dungeon Overview and Level Annotations

Branches:
Dungeon (4/15)
 Temple: D:4-7

Altars:


Innate Abilities, Weirdness & Mutations

When seriously injured, your bleeding wounds create armour. (AC +6)


Message History

You are too injured to fight recklessly!
You are too injured to fight recklessly!
You are too injured to fight recklessly!
You slash the orc!
You kill the orc!
Lugonu accepts your kill.
Things that are here:
a flail; an orc corpse Search for what [Enter for "arm", or ? for help]? arm An ogre comes into view.
It is wielding a giant club.
You see here 13 gold pieces.
An ogre is nearby!
An ogre is nearby!
You are too injured to fight recklessly!
You are too injured to fight recklessly!
You are too injured to fight recklessly!
You are too injured to fight recklessly!
The ogre hits you with a giant club!
You hit the ogre but do no damage. The ogre hits you with a giant club!!
You die...

#########
........#
........#
........#
......O.+
.......@####+#####
.................#
.................#
########..$......#
#.........#
#.........#
#.........#
#.........#
#####.........#


You could see an ogre.

Vanquished Creatures
  A scorpion (D:4)
  An orc priest (D:4)
  An orc wizard (D:4)
  10 adders
  An ooze (D:2)
  A worm (D:3)
  A dart slug (D:2)
  2 leopard geckos
  5 orcs
  2 ball pythons (D:3)
  8 giant cockroaches
  9 goblins
  7 hobgoblins
  4 jackals (D:2)
  3 quokkas
  7 bats
  6 frilled lizards
  5 kobolds
  14 rats
88 creatures vanquished.

Notes
Turn   | Place    | Note
-------+----------+-------------------------------------------
     0 | Abyss:1  | tyranidshit the Demonspawn Abyssal Knight began the quest for the Orb.
     0 | Abyss:1  | Reached XP level 1. HP: 18/18 MP: 2/2
    36 | Abyss:2  | Noticed a wight
    37 | Abyss:2  | Noticed a wight
    38 | Abyss:2  | Noticed a wight
    41 | Abyss:2  | Noticed a wight
    42 | D:1      | Escaped the Abyss
   326 | D:1      | Gained mutation: When seriously injured, your bleeding wounds create armour. (AC +6) [demonic ancestry]
   326 | D:1      | Reached XP level 2. HP: 24/24 MP: 3/3
   345 | D:1      | Reached * piety under Lugonu
   541 | D:1      | Reached skill level 4 in Fighting
   712 | D:2      | Reached XP level 3. HP: 26/30 MP: 4/4
   888 | D:2      | Reached XP level 4. HP: 13/38 MP: 5/5
   959 | D:2      | Reached skill level 5 in Fighting
   964 | D:2      | Reached ** piety under Lugonu
  1488 | D:3      | Reached XP level 5. HP: 20/46 MP: 6/6
  1802 | D:3      | Reached skill level 6 in Fighting
  2002 | D:4      | Reached XP level 6. HP: 22/52 MP: 7/7
  2044 | D:4      | Mangled by an ogre

Skill      XL: |  1  2  3  4  5 |
---------------+----------------+-----
Fighting       | 4 5 6 |  6.0
Armour         | 3 |  3.5
Axes           | |  1.7
Dodging        | |  0.8
Invocations    | |  2.4

Action                   |  1- 3 |  4- 6 || total
-------------------------+-------+-------++-------
Melee: Hand axe          |   100 |   132 ||   232
Invok: Depart the Abyss  |     1 |       ||     1
  Use: Scroll            |     4 |       ||     4
       Potion            |     4 |     3 ||     7
  Eat: Ration            |       |     2 ||     2
Armor: Leather armour    |     3 |       ||     3
       Ring mail         |    51 |    59 ||   110
Dodge: Dodged            |    72 |    84 ||   156
